 Dungeon Crawl Stone Soup version 0.24-a0-59-gc4a3eeb (webtiles) character file.

Game seed: 9099919609305410230

291 JeffiDaFish the Skirmisher (level 6, 0/40 HPs)
             Began as a Gargoyle Fighter on Feb 5, 2019.
             Slain by a gnoll
             ... wielding a +0 spear
              (3 damage)
             ... on level 4 of the Dungeon.
             The game lasted 00:05:10 (3365 turns).

JeffiDaFish the Skirmisher (Gargoyle Fighter)       Turns: 3365, Time: 00:05:11

Health: 0/40       AC: 12    Str: 27    XL:     6   Next: 32%
Magic:  6/6        EV:  7    Int:  8    God:
Gold:   190        SH: 10    Dex:  9    Spells: 5/5 levels left

rFire    + . .     SeeInvis .   a - +0 flail
rCold    x . .     Gourm    .   c - +0 shield
rNeg     + . .     Faith    .   b - +0 scale mail
rPois    ∞         Spirit   .   (no helmet)
rElec    +         Reflect  .   e - +0 cloak
rCorr    .         Harm     .   (no gloves)
MR       .....                  (no boots)
Stlth    ..........             (no amulet)
HPRegen  0.13/turn              m - ring of fire
MPRegen  0.10/turn              (no ring)

@: mighty
A: negative energy resistance 1, electricity resistance, unbreathing,
petrification resistance, rot immunity, AC +4
a: no special abilities


You were on level 4 of the Dungeon.
You were not hungry.

You visited 1 branch of the dungeon, and saw 4 of its levels.

You collected 190 gold pieces.

Inventory:

Hand Weapons
 a - a +0 flail (weapon)
Armour
 b - a +0 scale mail (worn)
 c - a +0 shield (worn)
 e - a +0 cloak (worn)
Jewellery
 m - a ring of fire (left hand)
Wands
 l - a wand of disintegration (5)
Scrolls
 h - a scroll of remove curse
 j - 2 scrolls of enchant armour
 k - 4 scrolls of identify
Comestibles
 f - 4 rations
 g - a chunk of flesh


   Skills:
 * Level 5.1 Fighting
 * Level 4.0 Maces & Flails
 + Level 4.2 Armour
 + Level 4.3 Shields


You had 5 spell levels left.
You didn't know any spells.
Your spell library was empty.

Dungeon Overview and Level Annotations

Branches:
Dungeon (4/15)
 Temple: D:4-7

Altars:
Ashenzari
Elyvilon
Fedhas
Ru
Sif Muna


Innate Abilities, Weirdness & Mutations

You are resistant to torment.
Your stone body is resilient. (AC +4)
You are immune to poison.
You resist negative energy. (rN+)
You are resistant to electric shocks. (rElec)
You can survive without breathing.
You are immune to petrification.
You are immune to rotting.


Message History

The adder skeleton bites you but does no damage.
You block the gnoll's attack.
The frilled lizard bites you but does no damage.
The adder skeleton bites you.
You sock the adder skeleton!
You destroy the adder skeleton!
You block the gnoll's attack. You block the frilled lizard's attack.
The orc priest casts a cantrip, but nothing happens.
You closely miss the orc. You block the gnoll's attack.
You block the frilled lizard's attack. The orc hits you but does no damage.
The orc priest mumbles some strange prayers to Beogh against you.
Beogh smites you!
* * * LOW HITPOINT WARNING * * *
The gnoll hits you but does no damage.
You sock the orc!
You kill the orc!
The frilled lizard completely misses you.
The orc priest hits you but does no damage.
The gnoll hits you from afar with a +0 spear.
You die...

#.................
#.................
#...............#
#....#..........##
#.................
#......[..gg......
#....#....gh.....(
#....####)oo#.##..
#....# #@l### #
#...<# ####
########## ..
##......## ...
##........# ....
#.......... #....
#.......... ##...
#.......... ...
#.<........#.###...


You could see a howler monkey, an orc priest, 3 gnolls, an orc and a frilled
lizard.

Vanquished Creatures
  A howler monkey (D:4)
  2 hounds (D:4)
  2 orc priests (D:3)
  3 adders
  An adder skeleton (D:4)
  A worm (D:2)
  A dart slug (D:2)
  5 leopard geckos
  10 orcs
  3 giant cockroaches
  11 goblins
  10 hobgoblins
  12 kobolds
  4 quokkas
  4 ball pythons
  9 bats
  2 frilled lizards (D:2)
  5 rats
86 creatures vanquished.

Notes
Turn   | Place    | Note
-------+----------+-------------------------------------------
     0 | D:1      | JeffiDaFish the Gargoyle Fighter began the quest for the
                  | Orb.
     0 | D:1      | Reached XP level 1. HP: 14/14 MP: 1/1
   114 | D:1      | Reached XP level 2. HP: 5/19 MP: 2/2
   844 | D:1      | Reached XP level 3. HP: 15/24 MP: 3/3
  1287 | D:2      | Reached skill level 4 in Fighting
  1473 | D:2      | Found a blossoming altar of Fedhas.
  1574 | D:2      | Reached XP level 4. HP: 29/29 MP: 4/4
  2053 | D:2      | Found a white marble altar of Elyvilon.
  2054 | D:2      | Found a sacrificial altar of Ru.
  2165 | D:3      | Found a deep blue altar of Sif Muna.
  2239 | D:3      | Reached XP level 5. HP: 25/34 MP: 5/5
  2371 | D:3      | Found a faded altar of an unknown god.
  2815 | D:3      | Found a shattered altar of Ashenzari.
  3356 | D:4      | Reached XP level 6. HP: 18/40 MP: 6/6
  3358 | D:4      | Reached skill level 5 in Fighting
  3365 | D:4      | Slain by a gnoll

Vault maps used:
D:1:      denvon_arrival_planthouse
D:2:      gammafunk_temple_overflow_statue, serial_curves, eino_curves_02,
          eino_curves_02, eino_curves_01, fedhas_altar_3
D:3:      old_standard_altar, overflow_temple_1_default,
          chequers_ecumenical_altar_twisty, first_ration, minmay_crystal_room,
          serial_bayou_pond_e
D:4:      hangedman_decor_points, minivault_5

Skill      XL: |  1  2  3  4  5  6 |
---------------+-------------------+-----
Fighting       | 4 5 |  5.1
Maces & Flails | 3 4 |  4.0
Shields        | 4 |  4.3
Armour         | 4 |  4.2

Action                   |  1- 3 |  4- 6 || total
-------------------------+-------+-------++-------
Melee: Flail             |   156 |   181 ||   337
  Use: Potion            |     1 |     4 ||     5
       Scroll            |     1 |     2 ||     3
  Eat: Chunk             |     2 |     6 ||     8
Armor: Scale mail        |   103 |   135 ||   238
Dodge: Dodged            |    45 |    57 ||   102
Block: Shield            |    94 |   120 ||   214

Table legend:
 A = Non-vault XP
 B = Vault XP
 C = Vault XP percentage of total XP
 D = Non-vault monster count
 E = Vault monster count
 F = Vault count percentage of total count
                 A         B        C        D         E       F
            +---------+---------+-------+---------+---------+-------
      Total |     417 |       0 |   0.0 |      86 |       0 |   0.0
            +---------+---------+-------+---------+---------+-------
        D:1 |      56 |       0 |   0.0 |      31 |       0 |   0.0
        D:2 |      70 |       0 |   0.0 |      25 |       0 |   0.0
        D:3 |     138 |       0 |   0.0 |      22 |       0 |   0.0
        D:4 |     153 |       0 |   0.0 |       8 |       0 |   0.0
            +---------+---------+-------+---------+---------+-------
